ESL (28 & UNDER)
INTERCOURSE AMISH @ RIO GRANDE RATTLESNAKE
04/04/2029
 
TOP OF THE 1ST
Intercourse Amish batting - Pitching for Rio Grande Rattlesnake : RHP Neil Snow
Pitching: RHP Neil Snow
Batting: RHB Joe Zapata 0-0: Foul Ball, location: 2F
0-1: Called Strike
0-2: Hit by Pitch
Batting: LHB Tony O'Bryan 0-0: Foul Ball, location: 2F
0-1: Swinging Strike
0-2: Ball
1-2: Strikes out swinging
Batting: SHB Ralph Robison 0-0: Ball
1-0: Grounds into double play, 6-4-3 (Groundball, 6)
Top of the 1st over - 0 runs, 0 hits, 0 errors, 0 left on base; Intercourse 0 - Rio Grande 0
BOTTOM OF THE 1ST
Rio Grande Rattlesnake batting - Pitching for Intercourse Amish : RHP Sixto Santiago
Pitching: RHP Sixto Santiago
Batting: RHB Jaime Delgado 0-0: Ball
1-0: Ball
2-0: Called Strike
2-1: Ball
3-1: Ground out 4-3 (Groundball, 4M)
Batting: RHB Joe Courtier 0-0: Reached on error, E6 (Groundball, 6)
Batting: SHB Carlos Reyes 0-0: Ball
1-0: Called Strike
1-1: Fly out, F9 (Line Drive, 9)
Batting: LHB Claudio Rodríguez 0-0: Called Strike
0-1: Ball
1-1: Ball
2-1: Ball
3-1: Swinging Strike
3-2: Fly out, F9 (Flyball, 9S)
Bottom of the 1st over - 0 runs, 0 hits, 1 error, 1 left on base; Intercourse 0 - Rio Grande 0
TOP OF THE 2ND
Intercourse Amish batting - Pitching for Rio Grande Rattlesnake : RHP Neil Snow
Batting: LHB Dave Reynolds 0-0: Ball
1-0: Ball
2-0: Called Strike
2-1: Ball
3-1: Base on Balls
Batting: RHB Frank Maxwell 0-0: 2-RUN HOME RUN (Flyball, 78XD), Distance : 374 ft
Batting: SHB Conan Hanson 0-0: Ball
1-0: Called Strike
1-1: Ball
2-1: Ball
3-1: Called Strike
3-2: Foul Ball, location: 2F
3-2: Foul Ball, location: 2F
3-2: Fly out, F8 (Flyball, 8LS)
Batting: RHB Pablo Díaz 0-0: Ball
1-0: Called Strike
1-1: Foul Ball, location: 2F
1-2: Ball
2-2: Ball
3-2: Foul Ball, location: 2F
3-2: Strikes out looking
Batting: LHB Carlos De La Rosa 0-0: Ball
1-0: DOUBLE (Line Drive, 9D)
Batting: RHB Esteban Ayala 0-0: Ball
1-0: Ball
2-0: SINGLE (Groundball, 34D)
Carlos De La Rosa to third
Throwing error, E9
Carlos De La Rosa scores
Esteban Ayala to second
Batting: RHB Joe Zapata 0-0: Ball
1-0: Ball
2-0: Ball
3-0: Base on Balls
Batting: LHB Tony O'Bryan 0-0: Ball
1-0: Ball
2-0: Ball
3-0: Called Strike
3-1: Called Strike
3-2: Base on Balls
Esteban Ayala to third
Joe Zapata to second
Batting: SHB Ralph Robison 0-0: Ball
1-0: Called Strike
1-1: Called Strike
1-2: Ball
2-2: Strikes out swinging
Top of the 2nd over - 3 runs, 3 hits, 1 error, 3 left on base; Intercourse 3 - Rio Grande 0
BOTTOM OF THE 2ND
Rio Grande Rattlesnake batting - Pitching for Intercourse Amish : RHP Sixto Santiago
Batting: SHB Luis López 0-0: Foul Ball, location: 2F
0-1: Ball
1-1: Ball
2-1: Ball
3-1: Base on Balls
Batting: LHB Pedro Díaz 0-0: Ball
1-0: Ball
2-0: Fly out, F9 (Flyball, 89M)
Batting: RHB David Suarze 0-0: Ball
1-0: Foul Ball, location: 2F
1-1: Fielders Choice at 2nd, 1-6 (Groundball, 13S)
Batting: RHB Paul Martin Pickoff Throw to First - Out!
Bottom of the 2nd over - 0 runs, 0 hits, 0 errors, 0 left on base; Intercourse 3 - Rio Grande 0
TOP OF THE 3RD
Intercourse Amish batting - Pitching for Rio Grande Rattlesnake : RHP Neil Snow
Batting: LHB Dave Reynolds 0-0: Foul Ball, location: 2F
0-1: Called Strike
0-2: Strikes out looking
Batting: RHB Frank Maxwell 0-0: Ball
1-0: Called Strike
1-1: Ball
2-1: Foul Ball, location: 2F
2-2: Foul Ball, location: 2F
2-2: Foul Ball, location: 2F
2-2: Ball
3-2: DOUBLE (Line Drive, 7LM)
Batting: SHB Conan Hanson 0-0: Ball
1-0: Called Strike
1-1: Called Strike
1-2: Ball
2-2: Foul Ball, location: 2F
2-2: Ball
3-2: Fly out, F2 (Popup, 5SF)
Batting: RHB Pablo Díaz 0-0: Fly out, F8 (Line Drive, 78D)
Top of the 3rd over - 0 runs, 1 hit, 0 errors, 1 left on base; Intercourse 3 - Rio Grande 0
BOTTOM OF THE 3RD
Rio Grande Rattlesnake batting - Pitching for Intercourse Amish : RHP Sixto Santiago
Batting: RHB Paul Martin 0-0: Ball
1-0: Called Strike
1-1: Ball
2-1: Fly out, F8 (Flyball, 8LM)
Batting: SHB Jeremy Holmes 0-0: Ball
1-0: Ball
2-0: Ball
3-0: Fly out, F5 (Popup, 5F)
Batting: RHB Jaime Delgado 0-0: Called Strike
0-1: Called Strike
0-2: Fly out, F8 (Line Drive, 89M)
Bottom of the 3rd over - 0 runs, 0 hits, 0 errors, 0 left on base; Intercourse 3 - Rio Grande 0
TOP OF THE 4TH
Intercourse Amish batting - Pitching for Rio Grande Rattlesnake : RHP Neil Snow
Batting: LHB Carlos De La Rosa 0-0: Ball
1-0: Foul Ball, location: 2F
1-1: Ground out 1-3 (Groundball, 13)
Batting: RHB Esteban Ayala 0-0: Ball
1-0: Ball
2-0: Swinging Strike
2-1: SOLO HOME RUN (Flyball, 7LD), Distance : 335 ft
Batting: RHB Joe Zapata 0-0: Ball
1-0: Foul Ball, location: 2F
1-1: SINGLE (Line Drive, 6)
Batting: LHB Tony O'Bryan 0-0: Called Strike
0-1: Ball
1-1: Foul Ball, location: 2F
1-2: Ball
2-2: Fly out, F9 (Flyball, 9)
Batting: SHB Ralph Robison 0-0: Ball
1-0: Ball
Balk!
Joe Zapata to second
2-0: SINGLE (Line Drive, 34D)
Joe Zapata to third
Runner from 3rd tries for Home, throw and OUT!
Top of the 4th over - 1 run, 3 hits, 0 errors, 1 left on base; Intercourse 4 - Rio Grande 0
BOTTOM OF THE 4TH
Rio Grande Rattlesnake batting - Pitching for Intercourse Amish : RHP Sixto Santiago
Batting: RHB Joe Courtier 0-0: Called Strike
0-1: Ball
1-1: Ball
2-1: Ground out 5-3 (Groundball, 5)
Batting: SHB Carlos Reyes 0-0: Swinging Strike
0-1: Swinging Strike
0-2: Ground out 4-3 (Groundball, 4)
Batting: LHB Claudio Rodríguez 0-0: Ball
1-0: Ball
2-0: Called Strike
2-1: Ball
3-1: Base on Balls
Batting: SHB Luis López 0-0: Ball
1-0: Swinging Strike
1-1: Called Strike
1-2: Ball
2-2: Ball
3-2: Foul Ball, location: 2F
3-2: Base on Balls
Claudio Rodríguez to second
Batting: LHB Pedro Díaz 0-0: Called Strike
0-1: Ball
1-1: DOUBLE (Flyball, 8LD)
Claudio Rodríguez scores
Luis López to third
Runner from 3rd tries for Home, SAFE, no throw
Batting: RHB David Suarze 0-0: Called Strike
0-1: Ball
1-1: Foul Ball, location: 2F
1-2: Ball
2-2: Foul Ball, location: 2F
2-2: Foul Ball, location: 2F
2-2: Ground out 4-3 (Groundball, 4)
Bottom of the 4th over - 2 runs, 1 hit, 0 errors, 1 left on base; Intercourse 4 - Rio Grande 2
TOP OF THE 5TH
Intercourse Amish batting - Pitching for Rio Grande Rattlesnake : RHP Neil Snow
Batting: LHB Dave Reynolds 0-0: Called Strike
0-1: Foul Ball, location: 2F
0-2: Strikes out swinging
Batting: RHB Frank Maxwell 0-0: Called Strike
0-1: Called Strike
0-2: Ball
1-2: Strikes out looking
Batting: SHB Conan Hanson 0-0: Called Strike
0-1: Ball
1-1: Swinging Strike
1-2: SOLO HOME RUN (Flyball, 9D), Distance : 348 ft
Pitching: RHP Myron Burgess
Batting: RHB Pablo Díaz 0-0: Ball
1-0: Fly out, F4 (Flyball, 34D)
Top of the 5th over - 1 run, 1 hit, 0 errors, 0 left on base; Intercourse 5 - Rio Grande 2
BOTTOM OF THE 5TH
Rio Grande Rattlesnake batting - Pitching for Intercourse Amish : RHP Sixto Santiago
Batting: RHB Paul Martin 0-0: Called Strike
0-1: Swinging Strike
0-2: Ground out 1-3 (Groundball, P)
Batting: SHB Jeremy Holmes 0-0: Foul Ball, location: 2F
0-1: Ball
1-1: Ball
2-1: Ground out U3 (Groundball, 3)
Batting: RHB Jaime Delgado 0-0: Ball
1-0: Called Strike
1-1: Ball
2-1: Foul Ball, location: 2F
2-2: SINGLE (Groundball, 34S) (infield hit)
Batting: RHB Joe Courtier 0-0: Ball
1-0: Ball
2-0: Ball
3-0: Called Strike
3-1: Base on Balls
Jaime Delgado to second
Batting: SHB Carlos Reyes 0-0: Foul Ball, location: 2F
0-1: Ball
1-1: Ball
2-1: Ball
3-1: Fly out, F8 (Flyball, 8LD)
Bottom of the 5th over - 0 runs, 1 hit, 0 errors, 2 left on base; Intercourse 5 - Rio Grande 2
TOP OF THE 6TH
Intercourse Amish batting - Pitching for Rio Grande Rattlesnake : RHP Myron Burgess
Batting: LHB Carlos De La Rosa 0-0: Ground out U3 (Groundball, 3L)
Batting: RHB Esteban Ayala 0-0: Called Strike
0-1: Foul Ball, location: 2F
0-2: Ball
1-2: Ball
2-2: Ball
3-2: Fly out, F4 (Popup, 4M)
Batting: RHB Joe Zapata 0-0: Ball
1-0: Called Strike
1-1: Swinging Strike
1-2: Strikes out looking
Top of the 6th over - 0 runs, 0 hits, 0 errors, 0 left on base; Intercourse 5 - Rio Grande 2
BOTTOM OF THE 6TH
Rio Grande Rattlesnake batting - Pitching for Intercourse Amish : RHP Sixto Santiago
Batting: LHB Claudio Rodríguez 0-0: Ball
1-0: Ball
2-0: Swinging Strike
2-1: Swinging Strike
2-2: Ball
3-2: Base on Balls
Pitching: RHP David Nanod
Batting: SHB Luis López 0-0: Fielders Choice at 2nd, 4-6 (Groundball, 4)
Batting: LHB Pedro Díaz 0-0: Ball
1-0: SINGLE (Flyball, 8RM)
Luis López to second
Batting: RHB David Suarze 0-0: Swinging Strike
0-1: Foul Ball, location: 2F
0-2: Foul Ball, location: 2F
0-2: Ball
1-2: Fly out, F8 (Flyball, 78D)
Batting: RHB Paul Martin 0-0: Ball
1-0: Swinging Strike
1-1: Ball
2-1: Ball
3-1: Base on Balls
Luis López to third
Pedro Díaz to second
Batting: SHB Jeremy Holmes 0-0: Ball
1-0: Called Strike
1-1: Ball
2-1: Ball
3-1: Base on Balls
Luis López scores
Pedro Díaz to third
Paul Martin to second
Batting: RHB Jaime Delgado 0-0: SINGLE (Groundball, 6MD)
Pedro Díaz scores
Paul Martin to third
Jeremy Holmes to second
Runner from 3rd tries for Home, throw and OUT!
Bottom of the 6th over - 2 runs, 2 hits, 0 errors, 2 left on base; Intercourse 5 - Rio Grande 4
TOP OF THE 7TH
Intercourse Amish batting - Pitching for Rio Grande Rattlesnake : RHP Myron Burgess
Batting: LHB Tony O'Bryan 0-0: Ball
1-0: Ball
2-0: Foul Ball, location: 2F
2-1: Ball
3-1: Foul Ball, location: 2F
3-2: Base on Balls
Batting: SHB Ralph Robison 0-0: Ball
Tony O'Bryan steals 2nd base
1-0: SINGLE (Line Drive, 34D)
Tony O'Bryan to third
Runner from 3rd tries for Home, SAFE, throw made home
Batting: LHB Dave Reynolds 0-0: Called Strike
0-1: Called Strike
0-2: Foul Ball, location: 2F
0-2: Ball
1-2: 2-RUN HOME RUN (Flyball, 9D), Distance : 358 ft
Pitching: RHP Juan Gutiérrez
Batting: RHB Frank Maxwell 0-0: Foul Ball, location: 2F
0-1: Ball
1-1: Called Strike
1-2: Strikes out swinging
Batting: SHB Conan Hanson 0-0: Ball
1-0: Called Strike
1-1: Ball
2-1: Swinging Strike
2-2: Ball
3-2: SINGLE (Groundball, 4S) (infield hit)
Batting: RHB Pablo Díaz 0-0: Ball
1-0: Ball
2-0: Foul Ball, location: 2F
2-1: Ball
3-1: Reached on error, E8 (Flyball, 8RS)
Conan Hanson to second
Batting: LHB Carlos De La Rosa 0-0: Ball
1-0: Ball
2-0: Fly out, F6 (Line Drive, 6M)
Batting: RHB Esteban Ayala 0-0: Foul Ball, location: 2F
0-1: Called Strike
0-2: Ground out 1-3 (Groundball, P)
Top of the 7th over - 3 runs, 3 hits, 1 error, 2 left on base; Intercourse 8 - Rio Grande 4
BOTTOM OF THE 7TH
Rio Grande Rattlesnake batting - Pitching for Intercourse Amish : RHP David Nanod
Batting: RHB Joe Courtier 0-0: Ball
1-0: Ball
2-0: SINGLE (Line Drive, 8RS)
Batting: SHB Carlos Reyes 0-0: Called Strike
0-1: Ball
1-1: Ball
2-1: Foul Ball, location: 2F
2-2: Foul Ball, location: 2F
2-2: Ball
Wild Pitch!
Joe Courtier to second
3-2: Base on Balls
Batting: LHB Claudio Rodríguez 0-0: Ball
1-0: Ball
2-0: Foul Ball, location: 2F
2-1: DOUBLE (Line Drive, 9LD)
Joe Courtier scores
Carlos Reyes to third
Pitching: RHP Carl Henry
Batting: SHB Luis López 0-0: Called Strike
0-1: Foul Ball, location: 2F
0-2: Ball
1-2: Foul Ball, location: 2F
1-2: Strikes out swinging
Batting: LHB Pedro Díaz 0-0: Called Strike
0-1: Ball
1-1: Swinging Strike
1-2: Fly out, F9 (Flyball, 9LSF)
Runner from 3rd tags up, SCORES, no throw
Batting: RHB David Suarze 0-0: Foul Ball, location: 2F
0-1: 2-RUN HOME RUN (Line Drive, 7LD), Distance : 347 ft
Batting: RHB Paul Martin 0-0: Called Strike
0-1: Foul Ball, location: 2F
0-2: Foul Ball, location: 2F
0-2: Foul Ball, location: 2F
0-2: DOUBLE (Line Drive, 89XD)
Pinch Hitting: SHB William Daly 0-0: Foul Ball, location: 2F
0-1: Ball
1-1: Ball
2-1: Swinging Strike
2-2: Foul Ball, location: 2F
2-2: Strikes out looking
Bottom of the 7th over - 4 runs, 4 hits, 0 errors, 1 left on base; Intercourse 8 - Rio Grande 8
TOP OF THE 8TH
Intercourse Amish batting - Pitching for Rio Grande Rattlesnake : RHP Juan Gutiérrez
Now at SS: Gilberto Guzmán
Pinch Hitting: LHB Bruce Foster 0-0: Called Strike
0-1: Called Strike
0-2: Ball
1-2: Ball
2-2: Ball
3-2: Foul Ball, location: 2F
3-2: SOLO HOME RUN (Flyball, 78XD), Distance : 391 ft
Batting: LHB Tony O'Bryan 0-0: Ball
1-0: Ball
2-0: Called Strike
2-1: Called Strike
2-2: Ball
3-2: Base on Balls
Batting: SHB Ralph Robison 0-0: Called Strike
0-1: Swinging Strike
Pickoff Throw to First - Error! E1
Tony O'Bryan to second
0-2: Ball
1-2: Foul Ball, location: 2F
1-2: Ball
2-2: Ball
3-2: Base on Balls
Batting: LHB Dave Reynolds 0-0: Ball
1-0: Called Strike
1-1: Called Strike
1-2: SINGLE (Line Drive, 7S)
Tony O'Bryan to third
Ralph Robison to second
Batting: RHB Frank Maxwell 0-0: Ball
1-0: Ball
2-0: Foul Ball, location: 2F
2-1: Grounds into fielders choice 4-2 (Groundball, 34)
Ralph Robison to third
Dave Reynolds to second
Batting: SHB Conan Hanson 0-0: Ball
1-0: Called Strike
1-1: Ball
2-1: Ball
3-1: Base on Balls
Ralph Robison scores
Dave Reynolds to third
Frank Maxwell to second
Batting: RHB Pablo Díaz 0-0: Called Strike
0-1: Ball
1-1: Swinging Strike
1-2: Ball
2-2: Strikes out looking
Pitching: RHP Adrián Mora
Batting: LHB Carlos De La Rosa 0-0: Called Strike
0-1: Ball
1-1: Swinging Strike
1-2: Strikes out swinging
Top of the 8th over - 2 runs, 2 hits, 1 error, 3 left on base; Intercourse 10 - Rio Grande 8
BOTTOM OF THE 8TH
Rio Grande Rattlesnake batting - Pitching for Intercourse Amish : RHP Carl Henry
Now at 3B: John Jones
Batting: RHB Jaime Delgado 0-0: Ball
1-0: Foul Ball, location: 2F
1-1: Ball
2-1: Called Strike
2-2: Foul Ball, location: 2F
2-2: Strikes out swinging
Batting: RHB Joe Courtier 0-0: Ball
1-0: Ball
2-0: Swinging Strike
2-1: Called Strike
2-2: Ball
3-2: Strikes out swinging
Batting: SHB Carlos Reyes 0-0: Foul Ball, location: 2F
0-1: SINGLE (Line Drive, 7S)
Pitching: RHP António Castaneda
Batting: LHB Claudio Rodríguez 0-0: Foul Ball, location: 2F
0-1: Called Strike
0-2: Strikes out looking
Bottom of the 8th over - 0 runs, 1 hit, 0 errors, 1 left on base; Intercourse 10 - Rio Grande 8
TOP OF THE 9TH
Intercourse Amish batting - Pitching for Rio Grande Rattlesnake : RHP Adrián Mora
Batting: RHB Esteban Ayala 0-0: Called Strike
0-1: Foul Ball, location: 2F
0-2: Ball
1-2: Ground out 4-3 (Groundball, 4)
Batting: RHB John Jones 0-0: Called Strike
0-1: Ball
1-1: Called Strike
1-2: SINGLE (Flyball, 8RS)
Batting: LHB Tony O'Bryan 0-0: Ball
1-0: Ball
2-0: Ground out 4-3 (Groundball, 34D)
John Jones to second
Batting: SHB Ralph Robison 0-0: Foul Ball, location: 2F
0-1: Ball
1-1: Swinging Strike
1-2: Strikes out swinging
Top of the 9th over - 0 runs, 1 hit, 0 errors, 1 left on base; Intercourse 10 - Rio Grande 8
BOTTOM OF THE 9TH
Rio Grande Rattlesnake batting - Pitching for Intercourse Amish : RHP António Castaneda
Pitching: LHP Manuel Encarnación
Batting: SHB Luis López 0-0: Ball
1-0: Ball
2-0: Ball
3-0: Base on Balls
Pinch Hitting: RHB Edgardo Gonzáles 0-0: SINGLE (Line Drive, 9LM)
Luis López to second
Batting: RHB David Suarze 0-0: Called Strike
0-1: Foul Ball, location: 2F
0-2: Foul Ball, location: 2F
0-2: Fly out, F9 (Flyball, 9)
Batting: RHB Paul Martin 0-0: Ball
1-0: Called Strike
1-1: Swinging Strike
1-2: Foul Ball, location: 2F
1-2: Foul Ball, location: 2F
1-2: Strikes out swinging
Batting: RHB Gilberto Guzmán 0-0: Ball
1-0: Fly out, F7 (Line Drive, 78S)
Bottom of the 9th over - 0 runs, 1 hit, 0 errors, 2 left on base; Intercourse 10 - Rio Grande 8
Saturday, December 16th, 2017 - OOTP Baseball 18.8 Build 76